 Dungeon Crawl Stone Soup version 0.14.0-12-g87ee3b7 (webtiles) character file.

679 Leibowitz the Ducker (level 7, 0/40 HPs)
             Began as a Kobold Gladiator on Apr 15, 2014.
             Slain by a killer bee (8 damage)
             ... on Level 4 of the Dungeon.
             The game lasted 00:13:37 (3992 turns).

Leibowitz the Ducker (Kobold Gladiator)             Turns: 3992, Time: 00:13:37

HP   0/40        AC  5     Str 15      XL: 7   Next:  5%
MP   8/8         EV 19     Int  6      God:
Gold 296         SH  0     Dex 21      Spells:  0 memorised,  6 levels left

rFire  . . .     SeeInvis .     a - +0 cutlass
rCold  . . .     Clarity  .     b - +0 leather armour
rNeg   . . .     Conserve .     (no shield)
rPois  .         rCorr    +     c - +0 helmet
rElec  .         rRot     .     (no cloak)
SustAb . .       Spirit   .     (no gloves)
rMut   .         Warding  .     n - +0 pair of boots
Saprov + + .     Stasis   .     m - amulet of resist corrosion {unknown}
MR     .....                    (no ring)
                                k - +4 ring of dexterity

@: lethally poisoned, not resistant to hostile enchantments, quite stealthy
A: disease resistance, carnivore 3, saprovore 2
a: no special abilities


You were on level 4 of the Dungeon.
You were very full.

You visited 2 branches of the dungeon, and saw 5 of its levels.

You collected 296 gold pieces.

Inventory:

Hand weapons
 a - a +0,+0 cutlass (weapon)
Missiles
 d - 2 throwing nets (quivered)
Armour
 b - a +0 leather armour (worn)
 c - a +0 helmet (worn)
 n - a +0 pair of boots (worn)
Magical devices
 o - a wand of draining (0)
Comestibles
 f - 4 meat rations
 u - a chunk of hobgoblin flesh
Scrolls
 i - a scroll of identify {unknown}
 j - 3 scrolls of remove curse {unknown}
 q - 2 scrolls of noise {unknown}
 r - a scroll of recharging {unknown}
 t - a scroll of enchant armour {unknown}
Jewellery
 k - a +4 ring of dexterity (left hand)
 m - an amulet of resist corrosion (around neck) {unknown}
Potions
 g - a potion of degeneration {unknown}
 h - 3 potions of curing {unknown}
 l - a potion of restore abilities {unknown}
 p - a potion of might {unknown}
 s - a potion of magic {unknown}


   Skills:
 * Level 2.9 Fighting
 + Level 5.5 Short Blades
 - Level 2.6 Throwing
 * Level 6.4 Dodging
 * Level 4.8 Stealth
 + Level 1.0 Evocations


You had 6 spell levels left.
You didn't know any spells.

Dungeon Overview and Level Annotations

Branches:
Dungeon (4/15)             Temple (1/1) D:4

Altars:
Ashenzari
Cheibriados
Fedhas
Kikubaaqudgha
Nemelex Xobeh
Okawaru
Sif Muna
Trog
Vehumet
Xom
Yredelemnul
Zin
The Shining One


Innate Abilities, Weirdness & Mutations

You recuperate from illness quickly.
You are small and have problems with some larger weapons.
You are carnivorous and can eat meat at any time.
You can eat rotten meat.


Message History

You feel sick. The killer bee misses you.
You barely miss the killer bee.
The killer bee is almost dead.
The killer bee barely misses you. The killer bee closely misses you.
You miss the killer bee.
The killer bee is almost dead.
You feel sick. The killer bee misses you. The killer bee closely misses you.
You miss the killer bee.
The killer bee is almost dead.
The killer bee stings you.
* * * LOW HITPOINT WARNING * * *
The killer bee completely misses you.
You miss the killer bee.
The killer bee is severely wounded.
You feel sick. The killer bee barely misses you.
The killer bee barely misses you.
You miss the killer bee.
The killer bee is severely wounded.
You feel sick. The killer bee stings you!
You die...

#..# ##⌠.⌠.............##
#...# #####.............#
#.#.# ####.###.###..# #.#.#
#.# #.# #..# #.#.# #.# #.#
#..# ..#.# #.# #..# ####
###. #.# #..# #... #######.#
#..# #.## #.@.....# #..# #.#
#k####### #(.# #.# ... #..#
#.# #### #..# #[## ###
###########..# #...
###########.###............#
####
#............##.#########.##
# #.#######.<...#.#
#......##### #
................#
#.######...###


You could see a killer bee.

Vanquished Creatures
  A giant frog (D:4)
  A killer bee (D:4)
  A centaur skeleton (D:4)
  An orc wizard (D:3)
  2 worker ants
  3 adders
  3 gnolls (D:4)
  2 worms
  3 giant geckos
  3 oozes
  2 ball pythons
  A bat zombie (D:4)
  5 giant cockroaches
  9 hobgoblins
  14 jackals
  14 kobolds
  6 bats
  2 giant newts
  7 goblins
  A kobold skeleton (D:4)
  3 orcs
  2 quokkas
  11 rats
97 creatures vanquished.

Notes
Turn   | Place    | Note
--------------------------------------------------------------
     0 | D:1      | Leibowitz, the Kobold Gladiator, began the quest for the Orb.
     0 | D:1      | Reached XP level 1. HP: 12/12 MP: 1/1
   288 | D:1      | Reached XP level 2. HP: 15/17 MP: 2/2
   400 | D:1      | Reached skill level 1 in Stealth
   626 | D:1      | Reached XP level 3. HP: 19/21 MP: 3/3
  1146 | D:2      | Reached XP level 4. HP: 22/27 MP: 4/4
  2433 | D:3      | Reached XP level 5. HP: 31/31 MP: 5/5
  2436 | D:3      | Reached skill level 5 in Dodging
  2500 | D:3      | Reached skill level 5 in Short Blades
  3245 | D:4      | Reached XP level 6. HP: 24/36 MP: 6/6
  3429 | D:4      | Found a sparkling altar of Nemelex Xobeh.
  3550 | D:4      | Found a staircase to the Ecumenical Temple.
  3555 | Temple   | Entered the Ecumenical Temple
  3718 | D:4      | Reached skill level 6 in Dodging
  3846 | D:4      | Found a sparkling altar of Nemelex Xobeh.
  3920 | D:4      | Reached skill level 1 in Evocations
  3920 | D:4      | Reached XP level 7. HP: 40/40 MP: 6/8
  3992 | D:4      | Slain by a killer bee

Action                   |  1- 3 |  4- 6 |  7- 9 || total
-------------------------+-------+-------+-------++-------
Melee: Cutlass           |   123 |   244 |    22 ||   389
Throw: Throwing net      |     2 |     2 |       ||     4
Evoke: Wand              |       |     2 |       ||     2
  Use: Scroll            |       |     1 |       ||     1
 Stab: Sleeping          |     1 |    10 |       ||    11
       Held in net/web   |     2 |       |       ||     2
